 Dungeon Crawl Stone Soup version 0.31-a0-188-g5e087ee2ca (webtiles) character file.

Game seed: 11434617133066210404

1035 cforsyth the Ogre Mage (level 8, -2/100 HPs)
             Began as an Ogre Fire Elementalist on June 23, 2023.
             Was a Follower of Vehumet.
             Slain by a hornet (3 damage)
             ... on level 6 of the Dungeon.
             The game lasted 00:25:22 (6439 turns).

cforsyth the Ogre Mage (Ogre Fire Elementalist)     Turns: 6439, Time: 00:25:23

Health: -2/100     AC: 24    Str: 13    XL:     8   Next: 24%
Magic:  17/26      EV:  1    Int: 18    God:    Vehumet [*.....]
Gold:   346        SH:  0    Dex:  9    Spells: 16/19 levels left

rFire   . . .        (no weapon)
rCold   . . .        (no shield)
rNeg    . . .        a - melded +0 robe
rPois   +            (helmet currently unavailable)
rElec   .            (cloak currently unavailable)
rCorr   .            (gloves unavailable)
SInv    .            (boots unavailable)
Will    .....        (no amulet)
Stlth   +            w - ring of flight
HPRegen 0.36/turn    t - ring of magical power
MPRegen 0.20/turn

%: no passive effects
@: lethally poisoned (-2 -> -20), tree-form, slowed, very slow
A: stationary, stasis, torment immunity, boosted hp, large, unfitting armour,
(tough skin 1)
a: Renounce Religion


You were on level 6 of the Dungeon.
You worshipped Vehumet.
Vehumet was aware of your devotion.
You were a tree.
You visited 2 branches of the dungeon, and saw 7 of its levels.

You collected 346 gold pieces.

Inventory:

Armour
 a - a +0 robe (melded)
Jewellery
 t - a ring of magical power (right branch)
 w - a ring of flight (left branch)
 y - a +4 ring of slaying
Wands
 g - a wand of mindburst (6)
 v - a wand of charming (12)
Scrolls
 c - a scroll of vulnerability {unknown}
 e - 3 scrolls of immolation {unknown}
 f - a scroll of blinking {unknown}
 h - 3 scrolls of teleportation {unknown}
 i - 5 scrolls of identify {unknown}
 k - a scroll of torment {unknown}
 m - 2 scrolls of amnesia {unknown}
 n - 2 scrolls of noise {unknown}
 p - a scroll of fog {unknown}
 q - 2 scrolls of fear {unknown}
 r - 2 scrolls of brand weapon {unknown}
 u - 2 scrolls of enchant weapon {unknown}
Potions
 b - a potion of magic
 d - 3 potions of curing {unknown}
 l - a potion of lignification
 o - a potion of enlightenment {unknown}
 s - a potion of degeneration {unknown}
 x - a potion of mutation {unknown}


   Skills:
 - Level 1.7 Dodging
 - Level 1.4 Stealth
 + Level 6.4 Spellcasting
 + Level 4.8 Conjurations
 + Level 5.5 Fire Magic


You had 16 spell levels left.
You knew the following spells:

 Your Spells              Type           Power      Damage    Failure   Level
a - Foxfire               Conj/Fire      96%        2x1d8     1%          1
b - Scorch                Fire           50%        2d7       1%          2

Your spell library contained the following spells:

 Spells                   Type           Power      Damage    Failure   Level
 Kiss of Death            Conj/Necr      56%        2d9       4%          1
 Inner Flame              Hex/Fire       15%        N/A       11%         3
 Volatile Blastmotes      Fire/Tloc      30%        2d12      11%         3
 Sting                    Tmut/Pois      20%        1d4       12%         1
 Summon Small Mammal      Summ           20%        N/A       12%         1
 Hailstorm                Conj/Ice       14%        3d5       13%         3
 Flame Wave               Conj/Fire      24%        2d8       14%         4
 Ignite Poison            Fire/Tmut/Pois 12%        N/A       16%         3
 Cigotuvi's Dreadful Rot  Necr/Pois/Air  10%        N/A       17%         2
 Poisonous Vapours        Pois/Air       10%        N/A       17%         2
 Mephitic Cloud           Conj/Pois/Air  11%        N/A       19%         3
 Call Canine Familiar     Summ           5%         N/A       34%         3
 Portal Projectile        Hex/Tloc       10%        N/A       34%         3
 Summon Guardian Golem    Hex/Summ       5%         N/A       34%         3
 Tukima's Dance           Hex            5%         N/A       34%         3
 Ice Form                 Ice/Tmut       5%         N/A       75%         4
 Olgreb's Toxic Radiance  Pois           5%         N/A       75%         4
 Summon Ice Beast         Ice/Summ       5%         N/A       75%         4
 Freezing Cloud           Conj/Ice/Air   5%         6-21      86%         5
 Blade Hands              Tmut           2%         N/A       97%         5
 Summon Mana Viper        Hex/Summ       5%         N/A       97%         5
 Simulacrum               Ice/Necr       2%         N/A       100%        6
 Monstrous Menagerie      Summ           2%         N/A       100%        7


Dungeon Overview and Level Annotations

Branches:
Dungeon (6/15)             Temple (1/1) D:4

Altars:
Ashenzari
Cheibriados
Dithmenos
Elyvilon
Fedhas
Gozag
Hepliaklqana
Kikubaaqudgha
Makhleb
Nemelex Xobeh
Qazlal
Sif Muna
Trog
Vehumet
Xom
Yredelemnul
Zin
The Shining One

Annotations:
D:4 1 runed translucent door, Crazy Yiuf


Innate Abilities, Weirdness & Mutations

You are a tree.
Your roots penetrate the ground, keeping you stationary.
You cannot be teleported.
You are immune to unholy pain and torment.
Your maximum health is greatly increased.
Your equipment is partially melded.
You are too large for most types of armour.
((You have tough skin. (AC +1)))


Message History

* * * LOW HITPOINT WARNING * * *
You feel as though you will be slow longer.
Unknown command.
Unknown command.
You feel much better.
You feel very sick. The hornet stings you!
You feel as though you will be slow longer.
The hornet barely misses you.
Casting: Scorch (safe; 1% risk of failure)
Confirm with . or Enter, or press ? or * to list all spells.
Flames lash the hornet.
The hornet is burned terribly!
The hornet is severely wounded.
You feel very sick. The hornet barely misses you. The hornet stings you.
* * * LOW HITPOINT WARNING * * *
You are lethally poisoned!
You feel as though you will be slow longer.
Really quaff the potion of lignification? [Y]es or [N]o only, please.
Really quaff the potion of lignification? [Y]es or [N]o only, please.
Really quaff the potion of lignification?
You turn into a tree.
Your +0 robe melds into your body.
Your roots penetrate the ground.
* * * LOW HITPOINT WARNING * * *
You feel extremely sick.
The hornet stings you but does no damage. x2
The hornet stings you.
* * * LOW HITPOINT WARNING * * *
You are more poisoned.
You feel as though you will be slow longer.
Casting: Scorch (safe; 1% risk of failure)
Confirm with . or Enter, or press ? or * to list all spells.
Flames lash the hornet.
The hornet is burned terribly!
The hornet is severely wounded.
* * * LOW HITPOINT WARNING * * *
You feel extremely sick. The hornet stings you.
You die...

# . #.# # #.#
##.########
#.......y.# #..#
#♣# #..# #.#
#####..#### #.#
##.........# #.#
###...##..##.# #.#
#...#.....##.# #.#
#...##...#.###.#
#.##.###.........#
..##.# #.#.#.#####


You could see a hornet (combustible).

Vanquished Creatures
  A water moccasin (D:6)
  2 ice beasts (D:5)
  A black bear (D:6)
  An ogre (D:5)
  A bullfrog (D:6)
  A jelly (D:5)
  4 hounds (D:5)
  A gnoll bouda (D:4)
  A sleepcap (D:5)
  2 iguanas
  Robin (D:4)
  4 gnolls
  6 adders
  A white imp (D:5)
  2 ufetubi
  A worm (D:3)
  2 dart slugs
  17 orcs
  8 bats
  9 endoplasms
  3 giant cockroaches
  12 goblins
  8 hobgoblins
  5 jackals
  7 quokkas
  11 ball pythons
  2 frilled lizards (D:2)
  4 kobolds
  3 rats
121 creatures vanquished.

Vanquished Creatures (others)
  A gnoll (D:4)
  392 foxfires
393 creatures vanquished.

Grand Total: 514 creatures vanquished

Notes
Turn   | Place    | Note
-------+----------+-------------------------------------------
     0 | D:1      | cforsyth the Ogre Fire Elementalist began the quest for the
                  | Orb.
     0 | D:1      | Reached XP level 1. HP: 16/16 MP: 3/3
     6 | D:1      | Reached skill level 1 in Conjurations
   136 | D:1      | You fall into a shaft and drop 1 floor!
   238 | D:2      | Reached XP level 2. HP: 24/24 MP: 2/5
   675 | D:1      | Reached skill level 3 in Spellcasting
   746 | D:1      | Reached XP level 3. HP: 31/31 MP: 4/7
   755 | D:1      | Learned a level 2 spell: Scorch
  1678 | D:2      | Found a faded altar of an unknown god.
  2016 | D:2      | Reached XP level 4. HP: 39/39 MP: 6/9
  3259 | D:3      | Found a burning altar of Makhleb.
  3274 | D:3      | Noticed a blizzard demon
  3277 | D:3      | Found a glowing silver altar of Zin.
  3277 | D:3      | Noticed an angel
  4050 | D:4      | Reached XP level 5. HP: 45/45 MP: 10/10
  4094 | D:4      | Reached skill level 4 in Spellcasting
  4380 | D:4      | Found a staircase to the Ecumenical Temple.
  4398 | Temple   | Entered the Ecumenical Temple
  4582 | Temple   | Became a worshipper of Vehumet
  4800 | D:4      | Reached XP level 6. HP: 53/53 MP: 12/12
  4851 | D:4      | Noticed Robin
  4866 | D:4      | Killed Robin
  4998 | D:4      | Found a runed translucent door.
  4999 | D:4      | Noticed Crazy Yiuf
  5038 | D:5      | Entered Level 5 of the Dungeon
  5139 | D:5      | Noticed an ice beast
  5144 | D:5      | Killed an ice beast
  5210 | D:5      | Reached skill level 5 in Spellcasting
  5213 | D:5      | Reached XP level 7. HP: 59/59 MP: 9/14
  5440 | D:5      | Found a broken altar of Ashenzari.
  5445 | D:5      | Reached * piety under Vehumet
  5445 | D:5      | Offered knowledge of Kiss of Death by Vehumet.
  5698 | D:5      | Reached skill level 5 in Fire Magic
  6105 | D:5      | Upgraded the game from 0.31-a0-187-gba352fbbf7 to
                  | 0.31-a0-188-g5e087ee2ca
  6192 | D:6      | Reached skill level 6 in Spellcasting
  6288 | D:6      | Reached XP level 8. HP: 67/67 MP: 17/17
  6429 | D:6      | Noticed a hornet
  6432 | D:6      | Paralysed by a hornet for 3 turns
  6439 | D:6      | HP: 1/100 [poisoned by a hornet]
  6439 | D:6      | Slain by a hornet

Illustrated notes

Levels and vault maps discovered:
D:1:      shiori_arrival_oz, layout_basic, skrybe_limestone_x
D:2:      layout_basic, hellmonk_ecumenical_altar_zigzags
D:3:      minmay_inner_zag, layout_loops_corners,
          grunt_temple_overflow_order_and_chaos_2
D:4:      layout_cave_pools, temple_statues, nicolae_elevator_lobby_plus,
          uniq_crazy_yiuf_cottage, uniq_robin
D:5:      minmay_spotlight, layout_loops_ring, ashenzari_conservatory_becter
D:6:      layout_loops_ring
Temple:   nicolae_temple_slightly_damp_pantheon

Skill      XL: |  1  2  3  4  5  6  7 |
---------------+----------------------+-----
Conjurations   | 1 2 3 4 |  4.8
Fire Magic     | 3 4 5 |  5.5
Spellcasting   | 3 4 5 6 |  6.4
Dodging        | |  1.7
Stealth        | |  1.4

Action                     |  1- 3 |  4- 6 |  7- 9 || total
---------------------------+-------+-------+-------++-------
  Melee: Unarmed           |     6 |    17 |       ||    23
   Cast: Foxfire           |    91 |   114 |    38 ||   243
         Scorch            |       |    32 |    20 ||    52
  Evoke: Wand              |       |     1 |       ||     1
    Use: Potion            |       |     4 |     2 ||     6
 Armour: Robe              |     2 |    15 |     3 ||    20
         Skin              |       |    11 |     2 ||    13
  Dodge: Dodged            |     5 |    30 |     7 ||    42

Table legend: (Time is in decaauts)
 A = Elapsed time spent in this place.
 B = Non-inter-level travel time spent in this place.
 C = Inter-level travel time spent in this place.
 D = Time resting spent in this place.
 E = Time spent auto-exploring this place.
 F = Levels seen in this place.
 G = Mean time per level.
                   A        B        C        D        E       F      G
               +--------+--------+--------+--------+--------+-----+--------+
         Total |   6439 |   6240 |    199 |    170 |   5214 |   7 |  919.9 |
       Dungeon |   6235 |   6055 |    180 |    170 |   5053 |   6 | 1039.2 |
        Temple |    203 |    184 |     19 |      0 |    161 |   1 |  203.0 |
               +--------+--------+--------+--------+--------+-----+--------+

Top non-repeatable levels by time:
     D:1: 1411 daAuts
     D:3: 1399 daAuts
     D:4: 1208 daAuts
     D:2: 985 daAuts
     D:5: 953 daAuts
     D:6: 276 daAuts
  Temple: 203 daAuts
